 Dungeon Crawl Stone Soup version 0.20.0-15-g7f486f2 (webtiles) character file.

158 KleinerIrrer the Poker (level 5, -2/46 HPs)
             Began as a Naga Gladiator on June 28, 2017.
             Killed from afar by an orc wizard (6 damage)
             ... with a magic dart
             ... on level 3 of the Dungeon.
             The game lasted 00:05:17 (2080 turns).

KleinerIrrer the Poker (Naga Gladiator)             Turns: 2080, Time: 00:05:18

Health: -2/46      AC:  5    Str: 16 (17) XL:     5   Next: 40%
Magic:  5/5        EV: 10    Int:  5 (8)  God:
Gold:   111        SH:  0    Dex: 13 (16) Spells: 4/4 levels left

rFire    + . .     SeeInvis +   a - +0 trident
rCold    + . .     Gourm    .   (no shield)
rNeg     . . .     Faith    .   b - +0 leather armour
rPois    +         Spirit   .   c - +0 helmet
rElec    +         Reflect  .   (no cloak)
rCorr    +         Harm     .   k - +0 pair of gloves {Dex+3}
MR       .....                  (no barding)
Stlth    +.........             (no amulet)
Regen    0.2/turn               (no ring)
MPRegen  0.1/turn               (no ring)

@: resistant, slowed, very slow
A: see invisible, deformed body, poison resistance, slowness 2, slow metabolism
1, spit poison 1, AC +1
a: Spit Poison


You were on level 3 of the Dungeon.
You were not hungry.

You visited 1 branch of the dungeon, and saw 3 of its levels.

You collected 111 gold pieces.

Inventory:

Hand Weapons
 a - a +0 trident (weapon)
Missiles
 d - 4 throwing nets (quivered)
Armour
 b - a +0 leather armour (worn)
 c - a +0 helmet (worn)
 k - a +0 pair of gloves of dexterity (worn)
Jewellery
 h - a +2 ring of protection {unknown}
Scrolls
 i - 3 scrolls of remove curse
 o - 2 scrolls of amnesia
Potions
 g - 2 potions of lignification
 j - 2 potions of mutation
Comestibles
 f - 3 bread rations
 m - a royal jelly
 n - 2 chunks of flesh
 p - 3 fruits


   Skills:
 + Level 2.5 Fighting
 * Level 5.0 Polearms
 - Level 1.7 Throwing
 + Level 1.0 Armour
 + Level 2.9 Dodging


You had 4 spell levels left.
You didn't know any spells.

Dungeon Overview and Level Annotations

Branches:
Dungeon (3/15)

Altars:
Trog
Xom


Innate Abilities, Weirdness & Mutations

You cannot wear boots.
Your serpentine skin is tough. (AC +1)
You have supernaturally acute eyesight. (SInv)
Armour fits poorly on your strangely shaped body.
Your system is resistant to poisons. (rPois)
You cover ground very slowly.
You have a slow metabolism.
You can spit poison.


Message History

The giant cockroach is moderately wounded.
The giant cockroach barely misses you. The giant cockroach bites you.
* * * LOW HITPOINT WARNING * * *
The orc wizard mumbles some strange words.
The orc wizard blinks!
Some of the chunks of flesh in your inventory have rotted away.
You barely miss the giant cockroach.
The giant cockroach is moderately wounded.
The giant cockroach bites you but does no damage. x2
You hit the giant cockroach.
The giant cockroach is almost dead.
The orc wizard gestures wildly while chanting.
The orc wizard blinks!
The giant cockroach closely misses you.
The giant cockroach bites you but does no damage.
You closely miss the giant cockroach.
The giant cockroach is almost dead.
The giant cockroach bites you but does no damage.
The orc wizard casts a spell at you. The magic dart hits you!
You die...

.#####.#.....# ###.....#####.# .#
#.#.....# #.....# #.# ## #.#
##### #.....# #.#
..[###.###########.....#####.####
#....<..........'...............
#################......#....####
.............o.................
...........§.###o.....#....###.
............os@.......#....# #.
............o###.####.#....###.
........†....# #.# .#....##..
.............# #.# #...[##..
.............# #.# #.####.##..
....#####....# .## #........).
.... #....###(.########.##.. ...
##............. #.##.. ..
#............. #.##..


You could see an orc wizard, 2 orcs and a giant cockroach.

Vanquished Creatures
  An orc priest (D:3)
  5 adders
  2 oozes
  3 worms
  3 dart slugs
  A leopard gecko (D:1)
  4 orcs
  2 ball pythons
  6 bats
  4 giant cockroaches
  9 hobgoblins
  2 quokkas
  2 frilled lizards (D:2)
  5 goblins
  5 kobolds
  4 rats
58 creatures vanquished.

Notes
Turn   | Place    | Note
-------+----------+-------------------------------------------
     0 | D:1      | KleinerIrrer the Naga Gladiator began the quest for the Orb.
     0 | D:1      | Reached XP level 1. HP: 19/19 MP: 1/1
     2 | D:1      | Noticed a demonspawn
     2 | D:1      | Noticed an elf
     4 | D:1      | Noticed a tengu
     4 | D:1      | Noticed a draconian
     6 | D:1      | Noticed a ghoul
     8 | D:1      | Noticed an ogre
     8 | D:1      | Noticed a merfolk
    10 | D:1      | Noticed a troll
    10 | D:1      | Noticed a vampire
    12 | D:1      | Noticed a formicid
    12 | D:1      | Noticed a dwarf
    14 | D:1      | Noticed an octopode
    16 | D:1      | Noticed a vine stalker
    16 | D:1      | Noticed a spriggan
    18 | D:1      | Noticed a demigod
    18 | D:1      | Noticed a centaur
    20 | D:1      | Noticed a felid
    20 | D:1      | Noticed a halfling
    22 | D:1      | Noticed a naga
    22 | D:1      | Noticed a human
    27 | D:1      | Noticed a minotaur
    27 | D:1      | Noticed a gargoyle
   276 | D:1      | Reached XP level 2. HP: 25/26 MP: 2/2
   695 | D:1      | Reached XP level 3. HP: 30/32 MP: 3/3
  1017 | D:2      | Found a bloodstained altar of Trog.
  1354 | D:2      | Reached XP level 4. HP: 29/39 MP: 4/4
  1416 | D:2      | Reached skill level 4 in Polearms
  1753 | D:3      | Found a shimmering altar of Xom.
  1956 | D:3      | Reached skill level 1 in Armour
  1956 | D:3      | Reached XP level 5. HP: 32/46 MP: 5/5
  2046 | D:3      | Reached skill level 5 in Polearms
  2069 | D:3      | HP: 2/46 [orc wizard/magic dart (4)]
  2080 | D:3      | Killed from afar by an orc wizard

Skill      XL: |  1  2  3  4  5 |
---------------+----------------+-----
Polearms       | 4 5 |  5.0
Armour         | 1 |  1.0
Fighting       | |  2.5
Throwing       | |  1.7
Dodging        | |  2.9

Action                   |  1- 3 |  4- 6 || total
-------------------------+-------+-------++-------
Melee: Trident           |   121 |   140 ||   261
  Use: Scroll            |       |     4 ||     4
       Potion            |       |     4 ||     4
 Stab: Sleeping          |     1 |       ||     1
  Eat: Chunk             |     1 |     2 ||     3
Armor: Leather armour    |    31 |    55 ||    86
Dodge: Dodged            |    64 |    75 ||   139
